 Dungeon Sprint DCSS version 0.31-a0-1620-gcbf77bbcfc (webtiles) character file.

Game seed: 11617660444536718221

1462 zazu2006 the Skirmisher (level 8, -1/67 HPs)
             Began as a Gnoll Wanderer on Jan 11, 2024.
             Was a High Priest of Vehumet.
             Killed from afar by an efreet (17 damage)
             ... with a fireball
             ... in the Dungeon (Sprint VII: "The Pits").
             The game lasted 00:04:27 (475 turns).

zazu2006 the Skirmisher (Gnoll Wanderer)             Turns: 475, Time: 00:04:29

Health: -1/67      AC: 14    Str: 13    XL:     8   Next: 77%
Magic:  18/18      EV:  9    Int: 11    God:    Vehumet [*****.]
Gold:   0          SH:  0    Dex: 13    Spells: 17/21 levels left

rFire   . . .        p - +0 long sword (flame)
rCold   . . .        (no shield)
rNeg    . . .        q - +3 chain mail
rPois   .            (no helmet)
rElec   .            (no cloak)
rCorr   .            (no gloves)
SInv    .            (no boots)
Will    .....        (no amulet)
Stlth   +            (no ring)
HPRegen 0.31/turn    (no ring)
MPRegen 0.16/turn

%: no teleportation
@: invisible
A: fangs 1, strong nose, distributed training
a: Renounce Religion


You were in the Dungeon.
You worshipped Vehumet.
Vehumet was extremely pleased with you.
You visited 1 branch

Inventory:

Hand Weapons
 a - a +0 sling
 d - a +0 dagger
 p - a +0 long sword of flaming (weapon)
Missiles
 c - 7 boomerangs (quivered)
Armour
 b - a +2 scale mail
 q - a +3 chain mail (worn)
Scrolls
 k - a scroll of blinking
 m - 2 scrolls of vulnerability
 n - 5 scrolls of amnesia
Potions
 e - a potion of attraction
 f - 6 potions of curing
 g - 4 potions of heal wounds
 h - a potion of haste
 i - 4 potions of magic
 j - 2 potions of berserk rage


   Skills:
 + Level 7.1 Fighting
 + Level 7.1 Short Blades
 + Level 7.1 Long Blades
 + Level 7.1 Axes
 + Level 7.1 Maces & Flails
 + Level 7.1 Polearms
 + Level 7.1 Staves
 + Level 9.7 Ranged Weapons
 + Level 8.5 Throwing
 + Level 8.5 Armour
 + Level 7.6 Dodging
 + Level 7.5 Stealth
 + Level 7.1 Shields
 + Level 7.1 Unarmed Combat
 + Level 7.1 Spellcasting
 + Level 5.9 Conjurations
 + Level 5.9 Hexes
 + Level 5.9 Summonings
 + Level 5.9 Necromancy
 + Level 5.9 Translocations
 + Level 5.9 Fire Magic
 + Level 5.9 Ice Magic
 + Level 5.9 Air Magic
 + Level 5.9 Earth Magic
 + Level 5.9 Alchemy
 + Level 7.8 Invocations
 + Level 7.6 Evocations
 + Level 6.5 Shapeshifting


You had 17 spell levels left.
You knew the following spells:

 Your Spells              Type           Power      Damage    Failure   Level
a - Foxfire               Conj/Fire      64%        2x1d7     5%          1
b - Stone Arrow           Conj/Erth      32%        3d9       16%         3

Your spell library contained the following spells:

 Spells                   Type           Power      Damage    Failure   Level
 Airstrike                Air            8%         2d(2-18)  43%         4


Dungeon Overview and Level Annotations

Branches:
Dungeon (1/1)

Altars:
Ashenzari
Cheibriados
Dithmenos
Elyvilon
Fedhas
Gozag
Hepliaklqana
Kikubaaqudgha
Makhleb
Nemelex Xobeh
Okawaru
Qazlal
Ru
Sif Muna
Trog
Uskayaw
Vehumet
Wu Jian
Xom
Yredelemnul
Zin
The Shining One
Jiyva
Lugonu

Annotations:
D Dowan, Duvessa


Innate Abilities, Weirdness & Mutations

You have very sharp teeth.
Your uncanny sense of smell can sniff out nearby items.
Your experience applies equally to all skills.


Message History

The dream sheep headbutts you but does no damage.
You slash the dream sheep! You burn the dream sheep.
The dream sheep is almost dead.
The dream sheep headbutts you.
You barely miss the dream sheep.
The dream sheep is almost dead.
The dream sheep headbutts you.
You catch the helpless dream sheep completely off-guard!
You hit the dream sheep. You burn the dream sheep.
You kill the dream sheep!
Vehumet accepts your kill.
Your Fighting skill increases to level 7!
Your Short Blades skill increases to level 7!
Your Long Blades skill increases to level 7!
Your Axes skill increases to level 7!
Your Maces & Flails skill increases to level 7!
Your Polearms skill increases to level 7!
Your Staves skill increases to level 7!
Your Shields skill increases to level 7!
Your Unarmed Combat skill increases to level 7!
Your Spellcasting skill increases to level 7!
You catch the helpless Duvessa completely off-guard!
You hit Duvessa. You burn Duvessa.
Duvessa is moderately wounded.
Duvessa hits you with a +0 rapier! Duvessa hits you with a +0 rapier.
You barely miss Duvessa.
Duvessa is moderately wounded.
Duvessa hits you with a +0 rapier!
You hit Duvessa. You burn Duvessa.
Duvessa is heavily wounded.
Duvessa hits you with a +0 rapier!
* * * LOW HITPOINT WARNING * * *
Unknown command.
You hit Duvessa but do no damage.
Duvessa is heavily wounded.
Duvessa hits you with a +0 rapier.
* * * LOW HITPOINT WARNING * * *
The efreet gestures at Duvessa.
The fireball explodes!
The fireball engulfs Duvessa!
The fireball engulfs you!
You die...

#.#..†.....##.......#
#.#........##.......#
#.#####'#####...<...#
#.#...).)..##.......#
#.#...)))[.##.......#
#'###########.......#
#.......#..##########
#..#.#..#.## ###
#)##.##.#@# ...#∆∆∆∆
#.......#e#°○○.#∆
#.##.##†#eR....+∆
#..#.#..#)#....#∆
#.......'.#....#∆
########### ####


You could see an efreet (unable to see you), Duvessa (wandering, unable to see
you) and Dowan (unable to see you).

Vanquished Creatures
  5 dream sheep (D)
  A spriggan (D)
  An ogre (D)
  A phantom (D)
  A gnoll (D)
  2 bat zombies (D)
  An endoplasm (D)
  A goblin (D)
  A hobgoblin (D)
  A kobold (D)
  3 quokkas (D)
  A ball python zombie (D)
  A rat (D)
20 creatures vanquished.

Vanquished Creatures (collateral kills)
  A fire bat (D)
  An ogre (D)
  An ufetubus (D)
  A ribbon worm (D)
  A bat (D)
  A bat zombie (D)
  2 jackals (D)
8 creatures vanquished.

Grand Total: 28 creatures vanquished

Notes
Turn   | Place    | Note
-------+----------+-------------------------------------------
     0 | D        | zazu2006 the Gnoll Wanderer began the quest for the Orb.
     0 | D        | zazu2006 set off with the following items: a +0 sling, a +2
                  | scale mail, 7 boomerangs, a +0 dagger, a potion of
                  | attraction, a potion of curing, a potion of heal wounds, a
                  | potion of haste, 2 potions of magic, a potion of berserk
                  | rage, a scroll of blinking.
     0 | D        | Reached XP level 1. HP: 13/13 MP: 1/1
    37 | D        | Found a bloodstained altar of Trog.
    37 | D        | Found a shimmering blue altar of Sif Muna.
    37 | D        | Found a viscous altar of Jiyva.
    37 | D        | Found a hazy altar of Hepliaklqana.
    37 | D        | Found an opulent altar of Gozag.
    38 | D        | Found a glowing golden altar of the Shining One.
    38 | D        | Found a glowing silver altar of Zin.
    38 | D        | Found a basalt altar of Yredelemnul.
    38 | D        | Found a shimmering altar of Xom.
    38 | D        | Found an ornate altar of the Wu Jian Council.
    38 | D        | Found a sacrificial altar of Ru.
    38 | D        | Found a stormy altar of Qazlal.
    38 | D        | Found an iron altar of Okawaru.
    38 | D        | Found a sparkling altar of Nemelex Xobeh.
    38 | D        | Found a burning altar of Makhleb.
    38 | D        | Found a blossoming altar of Fedhas.
    38 | D        | Found a white marble altar of Elyvilon.
    38 | D        | Found a shadowy altar of Dithmenos.
    38 | D        | Found a snail-covered altar of Cheibriados.
    41 | D        | Found a corrupted altar of Lugonu.
    41 | D        | Found a radiant altar of Vehumet.
    42 | D        | Found an ancient bone altar of Kikubaaqudgha.
    42 | D        | Found a hide-covered altar of Uskayaw.
    42 | D        | Found a broken altar of Ashenzari.
    50 | D        | Became a worshipper of Vehumet
    70 | D        | Reached skill level 1 in Fighting
    70 | D        | Reached skill level 1 in Short Blades
    70 | D        | Reached skill level 1 in Long Blades
    70 | D        | Reached skill level 1 in Axes
    70 | D        | Reached skill level 1 in Maces & Flails
    70 | D        | Reached skill level 1 in Polearms
    70 | D        | Reached skill level 1 in Staves
    70 | D        | Reached skill level 1 in Shields
    70 | D        | Reached skill level 1 in Unarmed Combat
    70 | D        | Reached skill level 1 in Spellcasting
    70 | D        | Reached skill level 1 in Conjurations
    70 | D        | Reached skill level 1 in Hexes
    70 | D        | Reached skill level 1 in Summonings
    70 | D        | Reached skill level 1 in Necromancy
    70 | D        | Reached skill level 1 in Translocations
    70 | D        | Reached skill level 1 in Fire Magic
    70 | D        | Reached skill level 1 in Ice Magic
    70 | D        | Reached skill level 1 in Air Magic
    70 | D        | Reached skill level 1 in Earth Magic
    70 | D        | Reached skill level 1 in Alchemy
    70 | D        | Reached skill level 1 in Invocations
    70 | D        | Reached skill level 1 in Shapeshifting
    70 | D        | Reached XP level 2. HP: 21/21 MP: 1/3
    75 | D        | Reached * piety under Vehumet
    75 | D        | Offered knowledge of Foxfire by Vehumet.
    78 | D        | Learned a level 1 spell: Foxfire
   114 | D        | Offered knowledge of Scorch by Vehumet.
   117 | D        | Reached ** piety under Vehumet
   184 | D        | Noticed a fire bat
   190 | D        | Killed a fire bat
   191 | D        | Reached skill level 7 in Ranged Weapons
   191 | D        | Reached XP level 3. HP: 19/30 MP: 5/8
   191 | D        | Reached XP level 4. HP: 23/37 MP: 5/9
   191 | D        | Reached XP level 5. HP: 26/42 MP: 5/10
   195 | D        | Reached *** piety under Vehumet
   199 | D        | Noticed an ogre
   207 | D        | Killed an ogre
   207 | D        | Reached **** piety under Vehumet
   208 | D        | Reached skill level 8 in Ranged Weapons
   208 | D        | Reached skill level 5 in Dodging
   208 | D        | Reached skill level 5 in Stealth
   208 | D        | Reached skill level 5 in Evocations
   208 | D        | Reached XP level 6. HP: 32/49 MP: 7/12
   273 | D        | Noticed a spriggan
   285 | D        | Killed a spriggan
   285 | D        | Offered knowledge of Stone Arrow by Vehumet.
   286 | D        | Reached skill level 5 in Fighting
   286 | D        | Reached skill level 5 in Short Blades
   286 | D        | Reached skill level 5 in Long Blades
   286 | D        | Reached skill level 5 in Axes
   286 | D        | Reached skill level 5 in Maces & Flails
   286 | D        | Reached skill level 5 in Polearms
   286 | D        | Reached skill level 5 in Staves
   286 | D        | Reached skill level 5 in Shields
   286 | D        | Reached skill level 5 in Unarmed Combat
   286 | D        | Reached skill level 5 in Spellcasting
   286 | D        | Reached skill level 5 in Invocations
   326 | D        | Reached ***** piety under Vehumet
   327 | D        | Reached XP level 7. HP: 43/56 MP: 13/15
   335 | D        | Reached skill level 5 in Shapeshifting
   429 | D        | Learned a level 3 spell: Stone Arrow
   429 | D        | Noticed Duvessa
   429 | D        | Noticed Dowan
   429 | D        | Noticed an efreet
   429 | D        | Noticed a dream sheep
   429 | D        | Noticed a dream sheep
   429 | D        | Noticed a dream sheep
   429 | D        | Noticed a dream sheep
   429 | D        | Noticed a dream sheep
   446 | D        | Killed a dream sheep
   446 | D        | Offered knowledge of Airstrike by Vehumet.
   447 | D        | Reached skill level 9 in Ranged Weapons
   447 | D        | Reached skill level 5 in Conjurations
   447 | D        | Reached skill level 5 in Hexes
   447 | D        | Reached skill level 5 in Summonings
   447 | D        | Reached skill level 5 in Necromancy
   447 | D        | Reached skill level 5 in Translocations
   447 | D        | Reached skill level 5 in Fire Magic
   447 | D        | Reached skill level 5 in Ice Magic
   447 | D        | Reached skill level 5 in Air Magic
   447 | D        | Reached skill level 5 in Earth Magic
   447 | D        | Reached skill level 5 in Alchemy
   448 | D        | Killed a dream sheep
   449 | D        | Reached XP level 8. HP: 31/65 MP: 17/17
   456 | D        | Killed a dream sheep
   465 | D        | Killed a dream sheep
   471 | D        | Killed a dream sheep
   475 | D        | Killed from afar by an efreet

Illustrated notes

Levels and vault maps discovered:
D:        pitsprint [storerooms_1, entrance_room_1, metal_vault_2, armoury_1,
          mini_pit_1, grid_room_1, main_hall_1, silver_pit, the_coven_1,
          the_vestibule_1, steel_vault_3, golden_pit, hallway_of_sentries,
          crystal_vault_6, iron_vault_2, final_vault]

Skill      XL: |  1  2  3  4  5  6  7  8 |
---------------+-------------------------+-----
Fighting       | 1 3 4 5 6 7 |  7.1
Short Blades   | 1 3 4 5 6 7 |  7.1
Long Blades    | 1 3 4 5 6 7 |  7.1
Axes           | 1 3 4 5 6 7 |  7.1
Maces & Flails | 1 3 4 5 6 7 |  7.1
Polearms       | 1 3 4 5 6 7 |  7.1
Staves         | 1 3 4 5 6 7 |  7.1
Shields        | 1 3 4 5 6 7 |  7.1
Unarmed Combat | 1 3 4 5 6 7 |  7.1
Spellcasting   | 1 3 4 5 6 7 |  7.1
Conjurations   | 1 3 4 5 |  5.9
Hexes          | 1 3 4 5 |  5.9
Summonings     | 1 3 4 5 |  5.9
Necromancy     | 1 3 4 5 |  5.9
Translocations | 1 3 4 5 |  5.9
Fire Magic     | 1 3 4 5 |  5.9
Ice Magic      | 1 3 4 5 |  5.9
Air Magic      | 1 3 4 5 |  5.9
Earth Magic    | 1 3 4 5 |  5.9
Alchemy        | 1 3 4 5 |  5.9
Invocations    | 1 4 5 7 |  7.8
Shapeshifting  | 1 3 4 5 6 |  6.5
Dodging        | 4 5 6 7 |  7.6
Evocations     | 4 5 6 7 |  7.6
Ranged Weapons | 7 8 9 |  9.7
Throwing       | 6 7 8 |  8.5
Armour         | 6 7 8 |  8.5
Stealth        | 4 5 6 7 |  7.5

Action                     |  1- 3 |  4- 6 |  7- 9 || total
---------------------------+-------+-------+-------++-------
  Melee: Long sword        |       |    18 |    45 ||    63
         Punch             |       |     1 |     1 ||     2
         Bite              |       |       |     6 ||     6
  Throw: Boomerang         |    25 |     2 |       ||    27
    Use: Scroll            |     1 |       |       ||     1
         Potion            |       |     1 |     4 ||     5
   Stab: Invisible         |       |       |     9 ||     9
 Armour: Scale mail        |    17 |       |       ||    17
         Chain mail        |     5 |    16 |    39 ||    60
  Dodge: Dodged            |    16 |     8 |     6 ||    30

Table legend: (Time is in decaauts)
 A = Elapsed time spent in this place.
 B = Non-inter-level travel time spent in this place.
 C = Inter-level travel time spent in this place.
 D = Time resting spent in this place.
 E = Time spent auto-exploring this place.
 F = Levels seen in this place.
 G = Mean time per level.
                   A        B        C        D        E       F      G
               +--------+--------+--------+--------+--------+-----+--------+
         Total |    491 |    465 |     26 |    188 |      0 |   1 |  491.0 |
       Dungeon |    491 |    465 |     26 |    188 |      0 |   1 |  491.0 |
               +--------+--------+--------+--------+--------+-----+--------+

Top non-repeatable levels by time:
       D: 491 daAuts
